 Dungeon Crawl Stone Soup version 0.30-a0-939-gc8157cb160 (webtiles) character file.

Game seed: 3062818750836696048

6526 DeathPants the Slicer (level 11, -2/59 HPs)
             Began as a Vine Stalker Fighter on Mar 25, 2023.
             Was an Initiate of Gozag.
             Slain by a sixfirhy (8 damage)
             ... on level 9 of the Dungeon.
             The game lasted 00:22:34 (7375 turns).

DeathPants the Slicer (Vine Stalker Fighter)        Turns: 7375, Time: 00:22:35

Health: -2/59      AC: 12    Str: 24    XL:     11   Next: 1%
Magic:  0/20       EV: 13    Int: 15    God:    Gozag
Gold:   694        SH:  0    Dex: 16    Spells: 18/21 levels left

rFire   . . .      SeeInvis .    a - +3 dagger (speed)
rCold   . . .      Faith    .    (no shield)
rNeg    + . .      Spirit   +    J - +5 robe of Undesirable Species {rN+ Int+7 Dex-3}
rPois   .          Reflect  .    y - +2 helmet
rElec   .          Rampage  .    (no cloak)
rCorr   .                        C - +1 pair of gloves
Will    +....                    (no boots)
Stlth   +                        (no amulet)
HPRegen 1.09/turn                l - +4 ring of slaying
MPRegen 0.17/turn                K - +6 ring of strength

@: no status effects
A: fangs 3, regeneration 1, magic shield, antimagic bite, no potion heal 2
a: Renounce Religion, Potion Petition, Call Merchant, Bribe Branch


You were on level 9 of the Dungeon.
You worshipped Gozag.
Gozag was pleased with you.
You visited 2 branches of the dungeon, and saw 10 of its levels.

You collected 831 gold pieces.
You paid 137 gold pieces to Gozag.

Inventory:

Hand Weapons
 a - a +3 dagger of speed (weapon)
 b - a +0 dagger of protection
 k - a +0 rapier
 G - a +0 rapier of draining
Missiles
 g - 3 boomerangs of dispersal
 m - a curare-tipped dart
 p - 31 poisoned darts
 r - 6 boomerangs
 H - a throwing net
Armour
 c - a +0 buckler
 y - a +2 helmet (worn)
 C - a +1 pair of gloves (worn)
 J - the +5 robe of Undesirable Species (worn) {rN+ Int+7 Dex-3}
   (You found it on level 6 of the Dungeon)

   Int:       It affects your intelligence (+7).
   Dex:       It affects your dexterity (-3).
   rN:        It protects you from negative energy.
Jewellery
 h - a ring of fire
 l - a +4 ring of slaying (left hand)
 n - a ring of resist corrosion
 B - a ring of see invisible
 K - a +6 ring of strength (right hand)
Wands
 f - a wand of paralysis (16)
 q - a wand of mindburst (5)
 F - a wand of roots (13)
Scrolls
 i - 2 scrolls of butterflies
 u - a scroll of fog
 w - 7 scrolls of teleportation
 A - a scroll of magic mapping
Potions
 d - 2 potions of might
 e - a potion of haste
 j - 5 potions of attraction
 o - a potion of lignification
 s - 4 potions of berserk rage
 t - a potion of invisibility
 v - 2 potions of mutation
 x - 5 potions of curing
 z - 2 potions of magic {unknown}
 E - a potion of flight {unknown}
 I - a potion of resistance {unknown}
 L - 2 potions of brilliance {unknown}


   Skills:
 + Level 7.7 Fighting
 + Level 8.8 Short Blades
 - Level 2.4 Armour
 - Level 4.0 Dodging
 - Level 5.4 Shields
 + Level 5.6 Spellcasting
 + Level 5.6 Summonings


You had 18 spell levels left.
You knew the following spells:

 Your Spells              Type           Power      Damage    Failure   Level
a - Call Canine Familiar  Summ           21%        N/A       4%          3

Your spell library contained the following spells:

 Spells                   Type           Power      Damage    Failure   Level
 Freeze                   Ice            16%        1d4       16%         1
 Frozen Ramparts          Ice            8%         1d2       41%         3
 Gell's Gravitas          Tloc           4%         N/A       41%         3
 Hailstorm                Conj/Ice       4%         3d4       41%         3
 Ozocubu's Armour         Ice            4%         N/A       41%         3
 Portal Projectile        Hex/Tloc       8%         N/A       41%         3
 Teleport Other           Tloc           4%         N/A       41%         3
 Leda's Liquefaction      Hex/Erth       2%         N/A       83%         4
 Dispersal                Tloc           2%         N/A       100%        6
 Ozocubu's Refrigeration  Ice            2%         4d7       100%        7


Dungeon Overview and Level Annotations

Branches:
Dungeon (9/15)             Temple (1/1) D:4            Lair (0/5) D:8
    Orc: D:9-12

Altars:
Ashenzari
Cheibriados
Dithmenos
Elyvilon
Fedhas
Gozag
Hepliaklqana
Makhleb
Nemelex Xobeh
Okawaru
Qazlal
Ru
Sif Muna
Trog
Uskayaw
Vehumet
Xom
Yredelemnul
The Shining One

Annotations:
D:3 2 runed translucent doors, baller8008's ghost, amateur DECj
D:6 2 runed translucent doors, Foxy's ghost, novice KoBr


Innate Abilities, Weirdness & Mutations

You have razor-sharp teeth.
Your natural rate of healing is unusually fast.
When hurt, damage is shared between your health and your magic reserves.
Your bite disrupts and absorbs the magic of your enemies.
Potions cannot restore your health.


Message History

The quasit is no longer distracted by gold.
The quasit gives a chilling moan.
You bite the quasit.
You kill the quasit!
You now have 689 gold pieces (gained 7).
You now have 694 gold pieces (gained 5).
Things that are here:
a +0 dagger; a +0 ring mail A sixfirhy comes into view.
The sixfirhy is distracted by your dazzling golden aura.
Things that are here:
4 gold pieces; a +0 whip of draining
Items here: $ ( ) / [.
The sixfirhy is no longer distracted by gold.
The sixfirhy hits you. The sixfirhy shocks you! The sixfirhy hits you!
The sixfirhy shocks you!
You see here a ring of protection from fire.
You closely miss the sixfirhy. Your bite misses the sixfirhy.
The sixfirhy hits you! The sixfirhy shocks you!
You puncture the sixfirhy!
The sixfirhy is lightly wounded.
The sixfirhy closely misses you.
The sixfirhy hits you but does no damage.
Casting: Call Canine Familiar (dangerous; 4% risk of failure)
Press: ? - help, Q - select action, (/) - cycle Dir - look around, f - activate The sixfirhy hits you but does no damage. x2
The sixfirhy closely misses you.
Items here: $ ( ) / [.
You swap places.
Your hound misses the sixfirhy.
Things that are here:
4 gold pieces; a +0 whip of draining The sixfirhy hits you.
The sixfirhy shocks you!
* * * LOW HITPOINT WARNING * * *
Things that are here:
a +0 dagger; a +0 ring mail The sixfirhy attacks as you move away!
The sixfirhy hits you!
* * * LOW HITPOINT WARNING * * *
The sixfirhy shocks you!
You die...
Your body crumbles into a pile of gold.

##.## #..# #######
##.# ## #.....#
#.# ...###.....#
#.## ##.........#
#... ..........#
###. #♣...# #.
#.@..# #. ##3###
#######.
#h#########.....!#
#=.$.....$..####.#
##.....<.#### #.#
.....#####.# #.#
###### #.## #.#
#...#####.#
##.........


You could see a sixfirhy (ally target) and a friendly hound (summoned).

Vanquished Creatures
  3 death yaks (D:8)
  Pikel (D:8)
  Maggie (D:7)
  A hornet (D:8)
  A steam dragon (D:7)
  A black bear (D:4)
  An orc warrior (D:9)
  An ice beast (D:7)
  2 sky beasts (D:7)
  A phantom (D:5)
  6 kobold brigands
  6 bullfrogs
  2 scorpions
  8 wights (D:8)
  16 killer bees
  9 howler monkeys
  3 quasits (D:9)
  3 hounds
  4 orc priests
  A sleepcap (D:6)
  5 iguanas
  5 orc wizards
  2 hell rats (D:8)
  7 gnolls
  2 river rats (D:8)
  9 adders
  2 white imps
  3 worms
  A dart slug (D:4)
  29 orcs
  7 endoplasms
  5 giant cockroaches
  5 goblins
  5 hobgoblins
  5 jackals
  26 kobolds
  4 quokkas
  7 ball pythons
  6 bats
  6 frilled lizards
  6 rats
218 creatures vanquished.

Vanquished Creatures (others)
  9 demonic plants (D:9)
  A fungus (D:8)
10 creatures vanquished.

Grand Total: 228 creatures vanquished

Notes
Turn   | Place    | Note
-------+----------+-------------------------------------------
     0 | D:1      | DeathPants the Vine Stalker Fighter began the quest for the
                  | Orb.
     0 | D:1      | Reached XP level 1. HP: 11/11 MP: 2/2
    80 | D:1      | Reached skill level 2 in Short Blades
   135 | D:1      | Reached XP level 2. HP: 15/16 MP: 3/3
   205 | D:1      | Found a faded altar of an unknown god.
   315 | D:2      | Found a sparkling altar of Nemelex Xobeh.
   736 | D:1      | Reached XP level 3. HP: 19/19 MP: 4/4
  1225 | D:3      | Reached skill level 1 in Dodging
  1451 | D:3      | Gained mutation: Your natural rate of healing is unusually
                  | fast. [Vine Stalker growth]
  1451 | D:3      | Reached XP level 4. HP: 19/24 MP: 5/5
  1625 | D:3      | Found a large runed translucent door.
  1625 | D:3      | Found a large runed translucent door.
  1644 | D:3      | Noticed baller8008's ghost (amateur DECj)
  2042 | D:5      | Entered Level 5 of the Dungeon
  2068 | D:4      | Identified the staff of poison "Ete Doaq" {rPois rF++
                  | Int-2}
  2069 | D:4      | Reached skill level 3 in Short Blades
  2158 | D:4      | Found a blossoming altar of Fedhas.
  2230 | D:4      | Reached XP level 5. HP: 28/28 MP: 6/6
  2233 | D:4      | Found a staircase to the Ecumenical Temple.
  2252 | D:4      | Found a glowing golden altar of the Shining One.
  2278 | D:4      | Reached XP level 6. HP: 29/32 MP: 5/7
  2295 | Temple   | Entered the Ecumenical Temple
  2583 | D:4      | Noticed a black bear
  2593 | D:4      | Killed a black bear
  2594 | D:4      | Reached skill level 4 in Short Blades
  2652 | D:4      | Reached XP level 7. HP: 37/37 MP: 8/8
  3357 | D:5      | Reached skill level 5 in Short Blades
  3795 | D:5      | Gained mutation: You have razor-sharp teeth. [Vine Stalker
                  | growth]
  3795 | D:5      | Reached XP level 8. HP: 42/42 MP: 9/9
  4152 | D:6      | Identified the +5 robe of Undesirable Species {rN+ Int+7
                  | Dex-3}
  4225 | D:6      | Found a large runed translucent door.
  4232 | D:6      | Found a large runed translucent door.
  4246 | D:6      | Noticed Foxy's ghost (novice KoBr)
  4335 | D:7      | Found a white marble altar of Elyvilon.
  4396 | D:7      | Noticed Maggie
  4405 | D:7      | Killed Maggie
  4406 | D:7      | Reached skill level 6 in Short Blades
  4412 | D:7      | Reached skill level 5 in Fighting
  4412 | D:7      | Reached skill level 5 in Shields
  4643 | D:7      | Reached XP level 9. HP: 23/47 MP: 5/10
  4997 | D:7      | Learned a level 3 spell: Call Canine Familiar
  5202 | D:7      | Reached skill level 7 in Short Blades
  5213 | D:7      | Reached skill level 1 in Spellcasting
  5213 | D:7      | Reached skill level 1 in Summonings
  5466 | D:8      | Found an opulent altar of Gozag.
  5476 | D:8      | Became a worshipper of Gozag Ym Sagoz the Greedy
  5837 | D:8      | Noticed Pikel
  5862 | D:8      | Killed Pikel
  5863 | D:8      | Reached XP level 10. HP: 30/53 MP: 11/16
  6143 | D:8      | Reached skill level 8 in Short Blades
  6397 | D:8      | Noticed a death yak
  6426 | D:8      | Killed a death yak
  6449 | D:8      | Noticed a death yak
  6452 | D:8      | Noticed a death yak
  6468 | D:8      | Killed a death yak
  6469 | D:8      | Reached skill level 5 in Spellcasting
  6469 | D:8      | Reached skill level 5 in Summonings
  6529 | D:8      | Killed a death yak
  6606 | D:8      | Found a staircase to the Lair.
  7002 | D:8      | Found a stormy altar of Qazlal.
  7347 | D:9      | Reached XP level 11. HP: 51/59 MP: 16/20
  7365 | D:9      | Noticed a sixfirhy
  7375 | D:9      | Slain by a sixfirhy

Illustrated notes

Levels and vault maps discovered:
D:1:      amcnicky_arrival_single_pillar, layout_basic, basic_ecumenical_altar
D:2:      layout_rooms, basic_altar, grunt_decor_junction
D:3:      layout_basic, ebering_ghost_disaster_area, hex_tiny
D:4:      layout_basic, mainiacjoe_overflow_surrounded_room,
          lemuel_crystal_altar, minmay_temple_entry_statues_pillars,
          dreamdust_princess_corridor, minmay_misc_feat_nine_boxes,
          minmay_between
D:5:      layout_loops_corners
D:6:      layout_loops_ring, ebering_ghost_disaster_area
D:7:      layout_rooms, lemuel_crystal_altar, uniq_maggie
D:8:      layout_layer_cave, nicolae_qazlal_style_of_elements,
          mainiacjoe_overflow_boulevard, dpeg_lair_monsters, uniq_pikel
D:9:      layout_rooms, serial_demonic, serial_demonic_b, serial_demonic_c,
          serial_demonic_g, serial_demonic_b, serial_demonic_g, serial_demonic_d
Temple:   nicolae_temple_great_sept

Skill      XL: |  1  2  3  4  5  6  7  8  9 10 |
---------------+-------------------------------+-----
Short Blades   | 2 3 4 5 6 7 8 |  8.8
Fighting       | 3 4 5 6 7 |  7.7
Shields        | 3 4 5 |  5.4
Dodging        | 1 2 3 4 |  4.0
Spellcasting   | 3 5 |  5.6
Summonings     | 3 5 |  5.6
Armour         | |  2.4

Action                     |  1- 3 |  4- 6 |  7- 9 | 10-12 || total
---------------------------+-------+-------+-------+-------++-------
  Melee: Rapier            |    61 |       |       |       ||    61
         Bite              |    26 |    34 |   104 |    66 ||   230
         Dagger            |    39 |   108 |   299 |   195 ||   641
         Punch             |       |       |       |     4 ||     4
  Throw: Dart              |       |     2 |       |     4 ||     6
   Cast: Call Canine Famil |       |       |       |     3 ||     3
    Use: Scroll            |       |     6 |    15 |     1 ||    22
         Potion            |       |       |     1 |       ||     1
   Stab: Distracted        |       |       |       |     1 ||     1
 Armour: Scale mail        |    36 |    32 |    17 |       ||    85
         Robe              |       |       |    41 |    66 ||   107
  Dodge: Dodged            |    40 |    35 |   117 |   104 ||   296
  Block: Buckler           |    17 |    14 |    34 |       ||    65

Table legend: (Time is in decaauts)
 A = Elapsed time spent in this place.
 B = Non-inter-level travel time spent in this place.
 C = Inter-level travel time spent in this place.
 D = Time resting spent in this place.
 E = Time spent auto-exploring this place.
 F = Levels seen in this place.
 G = Mean time per level.
                   A        B        C        D        E       F      G
               +--------+--------+--------+--------+--------+-----+--------+
         Total |   7068 |   6894 |    174 |    253 |   4731 |  10 |  706.8 |
       Dungeon |   6981 |   6819 |    162 |    253 |   4668 |   9 |  775.7 |
        Temple |     86 |     74 |     12 |      0 |     63 |   1 |   86.0 |
               +--------+--------+--------+--------+--------+-----+--------+

Top non-repeatable levels by time:
     D:8: 1556 daAuts
     D:5: 976 daAuts
     D:4: 861 daAuts
     D:1: 806 daAuts
     D:3: 786 daAuts
     D:6: 723 daAuts
     D:7: 693 daAuts
     D:2: 388 daAuts
     D:9: 189 daAuts
  Temple: 86 daAuts
